 Dungeon Crawl Stone Soup version 0.20-a0-464-g526fb3c (webtiles) character file.

371 pichaelthompson the Poker (level 6, 0/47 HPs)
             Began as a Demonspawn Gladiator on Jan 12, 2017.
             Slain by a killer bee (1 damage)
             ... on level 4 of the Dungeon.
             The game lasted 00:15:07 (4000 turns).

pichaelthompson the Poker (Demonspawn Gladiator)    Turns: 4000, Time: 00:15:10

Health: 0/47       AC: 13    Str: 14    XL:     6   Next: 42%
Magic:  6/6        EV:  5    Int: 10    God:
Gold:   154        SH:  0    Dex: 20    Spells: 5/5 levels left

rFire  . . .     SeeInvis .     a - +0 trident
rCold  . . .     Gourm    .     n - +0 plate armour
rNeg   . . .     Faith    .     (no shield)
rPois  .         Spirit   .     r - +1 helmet
rElec  .         Reflect  .     (no cloak)
rCorr  .         Harm     .     (no gloves)
MR     .....                    (no boots)
Stlth  ..........               (no amulet)
                                (no ring)
                                y - ring of wizardry

@: lethally poisoned (0 -> -14), about to teleport
A: talons 1, thin skeletal structure 2, nightstalker 1, rot immunity
a: no special abilities


You were on level 4 of the Dungeon.
You were very hungry.

You visited 1 branch of the dungeon, and saw 4 of its levels.

You collected 154 gold pieces.

Inventory:

Hand Weapons
 a - a +0 trident (weapon)
Missiles
 d - 3 throwing nets (quivered)
Armour
 b - a +0 leather armour
 n - a +0 plate armour (worn)
 r - a +1 helmet (worn)
Jewellery
 y - a ring of wizardry (left hand)
 z - a +4 ring of protection {unknown}
Scrolls
 g - 2 scrolls of teleportation
 i - 3 scrolls of magic mapping
 o - 3 scrolls of amnesia {unknown}
 q - 7 scrolls of identify {unknown}
 s - 3 scrolls of remove curse
 v - a scroll of enchant armour {unknown}
 w - a scroll of blinking
 A - a scroll of enchant weapon {unknown}
Potions
 e - 2 potions of brilliance {unknown}
 h - a potion of resistance {unknown}
 j - a potion of flight {unknown}
 p - a potion of curing
 t - a potion of agility {unknown}
 u - 2 potions of haste {unknown}
 x - a potion of berserk rage {unknown}
Comestibles
 c - a meat ration
 f - 7 bread rations
 k - a slice of pizza
 l - 9 fruits
 m - 4 beef jerkies


   Skills:
 + Level 3.1 Fighting
 + Level 4.9 Polearms
 + Level 1.9 Throwing
 + Level 2.5 Armour
 + Level 3.3 Dodging
 + Level 1.1 Stealth


You had 5 spell levels left.
You didn't know any spells.

Dungeon Overview and Level Annotations

Branches:
Dungeon (4/15)
 Temple: D:4-7

Altars:


Innate Abilities, Weirdness & Mutations

You have sharp toenails.
You have a moderately thin skeletal structure. (Dex +4, Stealth+)
You are slightly more attuned to the shadows.
You are immune to rotting.


Message History

* * * LOW HITPOINT WARNING * * *
The killer bee stings you but does no damage.
The killer bee stings you.
* * * LOW HITPOINT WARNING * * *
You are poisoned.
The killer bee poisons you!
Your plate armour prevents you from hitting the killer bee.
The killer bee is lightly wounded.
You feel sick.
The killer bee stings you but does no damage.
The killer bee completely misses you.
The killer bee stings you but does no damage. x4
As you read the scroll of teleportation, it crumbles to dust.
You feel strangely unstable.
You feel sick.
The killer bee stings you but does no damage.
The killer bee barely misses you. The killer bee stings you!
* * * LOW HITPOINT WARNING * * *
You are more poisoned.
The killer bee poisons you! The killer bee stings you.
You die...

#. ........# #.
.# ###<# #.#.#
#)..# #...#
#)### #..####)#
#y......#
#y##.>..########
#yy............#
#@y......#####.#
##.......# #.#
###...### #.#
#.).# #.# ##..#
#.# #..# #.# ###
### #..# #.# ...
..# #..#######.#
#.# #.# #####
#..#.......#


You could see 5 killer bees.

Vanquished Creatures
  2 scorpions (D:4)
  The ghost of MetaCosm the Grasshopper, a weakling SpWr (D:3)
  An orc priest (D:3)
  A gnoll shaman (D:4)
  A worker ant (D:3)
  3 gnolls (D:4)
  7 adders
  An ooze (D:1)
  A worm (D:2)
  3 dart slugs
  3 leopard geckos
  6 orcs
  3 bats (D:2)
  4 giant cockroaches
  5 hobgoblins
  A kobold (D:2)
  A ball python (D:2)
  2 frilled lizards
  5 goblins (D:2)
  6 rats
57 creatures vanquished.

Notes
Turn   | Place    | Note
-------+----------+-------------------------------------------
     0 | D:1      | pichaelthompson the Demonspawn Gladiator began the quest for the Orb.
     0 | D:1      | Reached XP level 1. HP: 16/16 MP: 1/1
   412 | D:1      | Reached skill level 3 in Polearms
   519 | D:1      | Gained mutation: You have a somewhat thin skeletal structure. (Dex +2, Stealth) [demonic ancestry]
   519 | D:1      | Reached XP level 2. HP: 20/22 MP: 2/2
  1123 | D:2      | Gained mutation: You are slightly more attuned to the shadows. [demonic ancestry]
  1123 | D:2      | Reached XP level 3. HP: 15/27 MP: 3/3
  1540 | D:3      | Reached skill level 1 in Armour
  1567 | D:3      | HP: 1/27 [orc priest (4)]
  1568 | D:3      | Gained mutation: You are immune to rotting. [demonic ancestry]
  1568 | D:3      | Reached XP level 4. HP: 1/33 MP: 4/4
  2451 | D:3      | Reached skill level 4 in Polearms
  2451 | D:3      | Gained mutation: You have a moderately thin skeletal structure. (Dex +4, Stealth+) [demonic ancestry]
  2451 | D:3      | Reached XP level 5. HP: 25/39 MP: 5/5
  2953 | D:3      | Noticed MetaCosm's ghost (weakling SpWr)
  2976 | D:3      | Killed MetaCosm's ghost
  3227 | D:3      | Reached skill level 1 in Stealth
  3291 | D:4      | Noticed an ogre
  3603 | D:4      | Gained mutation: You have sharp toenails. [demonic ancestry]
  3603 | D:4      | Reached XP level 6. HP: 12/46 MP: 6/6
  4000 | D:4      | HP: 1/47 [killer bee (7)]
  4000 | D:4      | Slain by a killer bee

Vault maps used:
D:1:      lordsloth_arrival_two_stooges
D:3:      first_bread, dk_noncrumbling_3, lemuel_another_geyser

Skill      XL: |  1  2  3  4  5  6 |
---------------+-------------------+-----
Polearms       | 3 4 |  4.9
Dodging        | 3 |  3.3
Armour         | 1 2 |  2.5
Stealth        | 1 |  1.1
Fighting       | 3 |  3.1
Throwing       | |  1.9

Action                   |  1- 3 |  4- 6 || total
-------------------------+-------+-------++-------
Melee: Hand axe          |    57 |       ||    57
       Trident           |    87 |   150 ||   237
       Kick              |       |     7 ||     7
  Use: Scroll            |     3 |     3 ||     6
       Potion            |       |     1 ||     1
  Eat: Chunk             |     2 |     2 ||     4
       Meat ration       |       |     1 ||     1
Armor: Leather armour    |    18 |       ||    18
       Plate armour      |    45 |   119 ||   164
Dodge: Dodged            |    71 |    38 ||   109
